 Dungeon Crawl Stone Soup version 0.17-a0-2208-ge5ab1d3 (webtiles) character file.

46 admarant the Skirmisher (level 3, -4/29 HPs)
             Began as a Demonspawn Abyssal Knight on Oct 26, 2015.
             Was a Follower of Lugonu.
             Slain by Sigmund
             ... wielding a +0 scythe
              (9 damage)
             ... on level 2 of the Dungeon.
             The game lasted 00:05:24 (1952 turns).

admarant the Skirmisher (Demonspawn Abyssal Knight) Turns: 1952, Time: 00:05:24

Health: -4/29      AC:  3    Str: 13    XL:     3   Next: 44%
Magic:  5/5        EV: 12    Int: 13    God:    Lugonu [*.....]
Gold:   53         SH:  0    Dex: 14    Spells: 0 memorised, 2 levels left

rFire  . . .     SeeInvis .     a - +1 spear
rCold  + . .     Clarity  .     b - +0 leather armour
rNeg   . . .     SustAt   .     (no shield)
rPois  .         Gourm    .     (no helmet)
rElec  .         Spirit   .     (no cloak)
rCorr  .         Warding  .     (no gloves)
rMut   .         Stasis   .     (no boots)
MR     ++...                    (no amulet)
Stlth  ++........               g - ring of protection from magic
                                n - ring of protection from magic

@: very resistant to hostile enchantments, unstealthy
A: thin skeletal structure 1, cold resistance 1
a: Depart the Abyss, Renounce Religion


You were on level 2 of the Dungeon.
You worshipped Lugonu.
Lugonu was aware of your devotion.
You were hungry.

You visited 1 branch of the dungeon, and saw 3 of its levels.
You visited the Abyss 1 time.

You collected 53 gold pieces.

Inventory:

Hand Weapons
 a - a +1 spear (weapon)
Armour
 b - a +0 leather armour (worn)
Jewellery
 g - a ring of protection from magic (right hand)
 n - a ring of protection from magic (left hand)
Scrolls
 d - a scroll of amnesia
 e - a scroll of teleportation
 j - a scroll of blinking {unknown}
 k - a scroll of remove curse {unknown}
Potions
 h - a potion of flight {unknown}
 i - a potion of ambrosia {unknown}
 l - 3 potions of curing {unknown}
 m - a potion of heal wounds {unknown}
Comestibles
 c - 3 bread rations
 f - a beef jerky


   Skills:
 + Level 3.4 Fighting
 + Level 2.0 Polearms
 + Level 2.0 Armour
 + Level 1.8 Dodging
 + Level 3.1 Invocations


You had 2 spell levels left.
You didn't know any spells.

Dungeon Overview and Level Annotations

Branches:
Dungeon (3/15)

Altars:

Annotations:
D:2 Sigmund, Terence


Innate Abilities, Weirdness & Mutations

You have a somewhat thin skeletal structure (Dex +2, Stealth).
Your flesh is cold resistant.


Message History

You hit Sigmund.
Sigmund is severely wounded.
You hit Sigmund.
Sigmund is severely wounded.
Sigmund misses you.
You hit Sigmund.
Sigmund is almost dead.
Sigmund hits you with a scythe!
* * * LOW HITPOINT WARNING * * *
You closely miss Sigmund.
Sigmund is almost dead.
You barely miss Sigmund.
Sigmund is almost dead.
Sigmund mumbles some strange words.
Sigmund flickers and vanishes!
Something shouts, "What's happening?!"
You hear a zap.
Something tries to affect you, but you resist.
You hit something but do no damage. Something hits you!
You die...

#+# #.# #####.#
#.....## ##
#.##...#####.##
#.#........@..#
...#...#####{##
#.#.#.## ...
#.....# ####
#####.# #.# #.#
#.# #.#


There were no monsters in sight!

Vanquished Creatures
  An adder (D:2)
  A giant gecko (D:2)
  5 bats
  5 goblins
  7 hobgoblins
  3 kobolds
  A quokka (D:2)
  4 giant newts
  3 jackals (D:1)
  4 rats
34 creatures vanquished.

Notes
Turn   | Place    | Note
--------------------------------------------------------------
     0 | Abyss:1  | admarant the Demonspawn Abyssal Knight began the quest for the Orb.
     0 | Abyss:1  | Reached XP level 1. HP: 18/18 MP: 2/2
    29 | Abyss:1  | Noticed an ancient zyme
    29 | D:1      | Escaped the Abyss
    40 | D:1      | Reached * piety under Lugonu
    54 | D:1      | Reached skill level 1 in Dodging
   196 | D:1      | Gained mutation: Your flesh is cold resistant. [demonic ancestry]
   196 | D:1      | Reached XP level 2. HP: 24/24 MP: 4/4
  1136 | D:2      | Gained mutation: You have a somewhat thin skeletal structure (Dex +2, Stealth). [demonic ancestry]
  1136 | D:2      | Reached XP level 3. HP: 18/29 MP: 5/5
  1935 | D:2      | Noticed Terence
  1939 | D:2      | Noticed Sigmund
  1952 | D:2      | Slain by Sigmund

Vault maps used:
D:1:      minmay_arrival_radiant_lines, kennysheep_minor_cross, minmay_unequal
D:2:      first_bread, uniq_sigmund, uniq_terence, uniq_crazy_yiuf_cottage
D:3:      corexii_shack_village, nicolae_overflow_quartered_altars, uniq_jessica

Action                   || total
-------------------------++-------
Melee: Spear             ||   126
Invok: Depart the Abyss  ||     1
  Use: Scroll            ||     5
 Stab: Sleeping          ||     1
  Eat: Chunk             ||     3
